 Dungeon Crawl Stone Soup version 0.24.0-13-gcf9b319 (webtiles) character file.

Game seed: 1056232922907102990, levelgen mode: deterministic

75788 DJSashaDrone the Champion of Chaos (level 15, -5/118 HPs)
             Began as a Demonspawn Monk on Mar 9, 2020.
             Was the Champion of Makhleb.
             Slain by a +3 morningstar of freezing (8 damage)
             ... on level 2 of the Elven Halls.
             The game lasted 02:48:23 (27314 turns).

DJSashaDrone the Champion of Chaos (DsMo)          Turns: 27314, Time: 02:48:24

Health: -5/118     AC: 12    Str: 21    XL:     15   Next: 10%
Magic:  0/25       EV: 18    Int: 19    God:    Makhleb [******]
Gold:   1892       SH:  6    Dex: 20    Spells: 8/21 levels left

rFire    . . .     SeeInvis .   Q - +7 war axe of Disorder {flame, rN+ Stlth+}
rCold    . . .     Gourm    .   (no shield)
rNeg     + . .     Faith    .   s - +2 troll leather armour {Snorg}
rPois    +         Spirit   +   g - +1 hat {Int+3}
rElec    .         Reflect  .   l - scarf {Spirit}
rCorr    .         Harm     .   b - +2 pair of gloves {Dex+3}
MR       +....                  (no boots)
Stlth    +++++.....             h - amulet of the acrobat
HPRegen  0.69/turn              (no ring)
MPRegen  0.19/turn              S - ring of Latiwaets {rPois Int+4}

@: mighty, hasted, studying Axes, very quick
A: talons 1, large bone plates 2, demonic guardian 2, powered by pain 1
a: Minor Destruction, Lesser Servant of Makhleb, Major Destruction, Greater
Servant of Makhleb, Renounce Religion


You were on level 2 of the Elven Halls.
You worshipped Makhleb.
Makhleb was exalted by your worship.
You were not hungry.

You visited 5 branches of the dungeon, and saw 23 of its levels.
You also visited: Gauntlet, Ice Cave and Volcano.

You collected 2655 gold pieces.
You spent 763 gold pieces at shops.

Inventory:

Hand Weapons
 a - a +1 spear of pain
 m - a +3 trident of flaming
 o - a +1 halberd of protection
 q - a +1 trident of piercing
 r - a +3 glaive of freezing
 E - a +0 halberd of flaming
 I - the +6 broad axe of Departure {chop, Stlth+}
   (You found it on level 2 of the Lair of Beasts)

   It inflicts extra damage upon your enemies.
   It makes you more stealthy.
 Q - the +7 war axe of Disorder (weapon) {flame, rN+ Stlth+}
   (You found it on level 6 of the Lair of Beasts)

   It has been specially enchanted to burn those struck by it, causing extra
   injury to most foes and up to half again as much damage against particularly
   susceptible opponents.
   Big, fiery blades are also staple armaments of hydra-hunters.
   It protects you from negative energy.
   It makes you more stealthy.
Missiles
 Z - 15 silver javelins (quivered)
Armour
 b - a +2 pair of gloves of dexterity (worn)
 g - a +1 hat of intelligence (worn)
 l - a scarf of spirit shield (worn)
 s - a +2 troll leather armour (worn) {Snorg}
 u - a +2 pair of gloves of archery
 w - a +2 ring mail of fire resistance
Jewellery
 h - an amulet of the acrobat (around neck)
 k - an uncursed ring of positive energy
 z - an uncursed ring of protection from cold
 G - an uncursed ring of positive energy
 J - an uncursed ring of resist corrosion
 N - an uncursed ring of protection from magic
 S - the ring of Latiwaets (right hand) {rPois Int+4}
   (You found it on level 5 of the Lair of Beasts)

   [ring of poison resistance]

   It affects your intelligence (+4).
   It protects you from poison.
Wands
 p - a wand of polymorph (12)
 t - a wand of random effects (36)
 y - a wand of digging (16)
 H - a wand of paralysis (10)
Scrolls
 f - 9 scrolls of remove curse
 i - a scroll of immolation
 n - a scroll of torment {unknown}
 O - a scroll of fear
 P - a scroll of summoning {unknown}
 T - a scroll of brand weapon {unknown}
 U - 2 scrolls of magic mapping
 V - a scroll of silence
 X - a scroll of amnesia
Potions
 d - 4 potions of resistance
 j - 2 potions of lignification
 C - a potion of berserk rage
 D - 2 potions of curing
 K - a potion of flight
 L - a potion of magic
 W - a potion of brilliance {unknown}
Books
 e - a manual of Axes
Miscellaneous
 v - a phial of floods
 M - a phantom mirror
 Y - a phial of floods
Comestibles
 c - 34 rations
 R - 3 chunks of flesh


   Skills:
 * Level 11.0 Fighting
 + Level 5.1(9.0) Axes
 + Level 11.3(11.7) Polearms
 + Level 2.5 Throwing
 * Level 10.5 Armour
 + Level 8.1 Dodging
 + Level 8.2 Stealth
 + Level 3.7 Spellcasting
 + Level 4.1 Necromancy
 - Level 2.1 Translocations
 * Level 13.4 Invocations
 + Level 7.7 Evocations


You had 8 spell levels left.
You knew the following spells:

 Your Spells              Type           Power        Failure   Level  Hunger
a - Animate Skeleton      Necr           N/A          3%          1    None
b - Blink                 Tloc           N/A          10%         2    ##.....
c - Pain                  Necr           ###.         3%          1    None
d - Call Imp              Summ           #.......     24%         2    ##.....
e - Apportation           Tloc           ##....       6%          1    None
f - Regeneration          Chrm/Necr      ##........   21%         3    ###....
g - Vampiric Draining     Necr           ###.......   9%          3    ###....

Your spell library contained the following spells:

 Spells                   Type           Power        Failure   Level  Hunger
 Confusing Touch          Hex            #.....       16%         1    None
 Corona                   Hex            #......      16%         1    None
 Flame Tongue             Conj/Fire      #....        16%         1    None
 Freeze                   Ice            #...         16%         1    None
 Magic Dart               Conj           #...         16%         1    None
 Summon Butterflies       Summ           #.......     16%         1    None
 Summon Small Mammal      Summ           #...         16%         1    None
 Lesser Beckoning         Tloc           ##........   19%         3    ###....
 Ensorcelled Hibernation  Hex/Ice        #.....       24%         2    ##.....
 Slow                     Hex            #.......     24%         2    ##.....
 Throw Flame              Conj/Fire      #.....       24%         2    ##.....
 Throw Frost              Conj/Ice       #.....       24%         2    ##.....
 Animate Dead             Necr           N/A          28%         4    ####...
 Call Canine Familiar     Summ           #.......     43%         3    ###....
 Confuse                  Hex            #.......     43%         3    ###....
 Conjure Flame            Conj/Fire      #.......     43%         3    ###....
 Dazzling Spray           Conj/Hex       #.....       43%         3    ###....
 Inner Flame              Hex/Fire       #.......     43%         3    ###....
 Mephitic Cloud           Conj/Pois/Air  #.......     43%         3    ###....
 Ozocubu's Armour         Chrm/Ice       #.......     43%         3    ###....
 Spectral Weapon          Hex/Chrm       #.......     43%         3    ###....
 Summon Guardian Golem    Hex/Summ       #.......     43%         3    ###....
 Tukima's Dance           Hex            #.......     43%         3    ###....
 Cause Fear               Hex            #.........   83%         4    ####...
 Sticky Flame             Conj/Fire      #.......     83%         4    ####...
 Summon Ice Beast         Ice/Summ       #.......     83%         4    ####...
 Summon Lightning Spire   Summ/Air       #.......     83%         4    ####...
 Throw Icicle             Conj/Ice       #.......     83%         4    ####...
 Alistair's Intoxication  Tmut/Pois      #.......     99%         5    ######.
 Bolt of Magma            Conj/Fire/Erth #.........   99%         5    ######.
 Fireball                 Conj/Fire      #.........   99%         5    ######.
 Iskenderun's Battlesphe  Conj/Chrm      #.......     99%         5    ######.
 Summon Mana Viper        Hex/Summ       #.......     99%         5    ######.
 Venom Bolt               Conj/Pois      #.........   99%         5    ######.
 Invisibility             Hex            #.......     100%        6    #######
 Iron Shot                Conj/Erth      #.........   100%        6    #######
 Orb of Destruction       Conj           #.........   100%        7    #######
 Spellforged Servitor     Conj/Summ      #.........   100%        7    #######


Dungeon Overview and Level Annotations

Branches:
Dungeon (12/15)            Temple (1/1) D:5            Lair (6/6) D:11
 Shoals (0/4) Lair:3        Snake (0/4) Lair:2        Slime (0/5) Lair:5
    Orc (2/2) D:10            Elf (2/3) Orc:2         IceCv (visited)
Volcano (visited)         Gauntlet (visited)

Altars:
Ashenzari
Cheibriados
Dithmenos
Elyvilon
Fedhas
Gozag
Hepliaklqana
Kikubaaqudgha
Makhleb
Nemelex Xobeh
Okawaru
Qazlal
Ru
Sif Muna
Trog
Uskayaw
Vehumet
Wu Jian
Xom
Yredelemnul
Zin
The Shining One
Beogh

Shops:
D:4 (   Orc:2 =([[   Elf:1 %

Annotations:
D:1 exclusion: 2 downstairs
Lair:1 exclusion: orange crystal statue
Lair:5 exclusion: downstairs
Lair:6 2 transporters, Xomnel's ghost, journeyman TeFi
Elf:2 5 runed translucent doors


Innate Abilities, Weirdness & Mutations

You have sharp toenails.
You are mostly covered in large bone plates. (SH +6)
A demonic guardian rushes to your aid.
You sometimes gain a little power by taking damage.


Message History

The +1 battleaxe of electrocution is heavily damaged.
The +1 battleaxe of electrocution struggles against the net.
Your soul eater hits the +1 battleaxe of electrocution but does no damage.
The +3 morningstar of freezing hits you.
* * * LOW HITPOINT WARNING * * *
The +3 morningstar of freezing freezes you.
* * * LOW HITPOINT WARNING * * *
The deep elf knight mumbles some strange words.
The deep elf knight seems to speed up.
The +1 battleaxe of electrocution struggles against the net.
Evoke which item? (* to show all) (? for menu, Esc to quit)
Okay, then.
Okay, then.
Okay, then.
You feel yourself speed up.
Your soul eater hits the +1 battleaxe of electrocution but does no damage.
The +3 morningstar of freezing hits you!!
* * * LOW HITPOINT WARNING * * *
The +3 morningstar of freezing freezes you!
You die...

............
#...
............
##... ##.....
#.....## ###
#......## ...
#......##.....
#.....#......
#...@.#......
#..#.(.+.....
#. #3e.+#....)
##(.+(#.... #.
#...+#E....
#..#...+(.....
#.....#......
#...(.#......
#......##.....


You could see a deep elf knight, an air elemental, 4 dancing weapons and a
friendly soul eater.

Vanquished Creatures
  Saint Roka (Orc:2)
  The ghost of Morgon the Severer, a journeyman MiGl of Nemelex Xobeh (Lair:4)
  A minotaur (D:11)
  Snorg (Orc:2)
  2 two-headed ogres
  The ghost of 420StarChild the Basher, a journeyman GrFi of Wu Jian (Lair:1)
  Erica (Orc:1)
  3 dancing weapons (Elf:1)
  2 death yaks
  A deep elf knight (Elf:1)
  A hell knight (Volcano)
  3 skeletal warriors (D:11)
  3 deep elf archers (Elf:1)
  An ugly thing (Volcano)
  An orc sorcerer (Orc:1)
  15 deep elf magi (Elf:1)
  4 black mambas
  A molten gargoyle (Volcano)
  A smoke demon (Volcano)
  A gargoyle (D:12)
  A rime drake (Lair:3)
  6 spiny frogs
  6 komodo dragons
  12 polar bears
  2 trolls (Orc:2)
  4 hornets (Lair:6)
  10 blink frogs
  5 dream sheep
  8 hippogriffs
  7 spriggans (Lair:6)
  2 air elementals (Elf:1)
  2 basilisks
  29 yaks
  4 wyverns
  2 fire bats (Volcano)
  A fire elemental (Elf:1)
  A hog (D:11)
  2 wargs (Orc:2)
  4 nagas (Lair:2)
  A soldier ant (shapeshifter) (Elf:1)
  12 water moccasins
  4 hell hounds
  10 porcupines
  2 ice beasts
  16 orc warriors
  The ghost of Bronimir the Firebug, an amateur OgFE of Okawaru (D:3)
  3 black bears
  6 ogres
  22 wolves
  4 boggarts (Lair:6)
  2 centaurs (D:11)
  A big kobold (D:11)
  13 crocodiles
  19 bullfrogs
  An earth elemental (Elf:1)
  A gnoll sergeant (D:5)
  4 scorpions
  3 killer bees (D:9)
  A wight (D:10)
  4 lava snakes (Volcano)
  A centaur zombie (D:7)
  6 crimson imps
  A quasit (D:8)
  2 jellies
  4 hounds
  14 orc priests
  20 orc wizards
  4 bullfrog skeletons
  4 centaur skeletons
  3 iguanas
  7 worker ants
  A hound skeleton (D:5)
  Robin (D:2)
  A worker ant zombie (D:10)
  3 gnolls (D:5)
  A howler monkey skeleton (D:4)
  15 adders
  2 shadow imps
  2 worms (D:3)
  A dart slug (D:3)
  11 leopard geckos
  90 orcs
  A ball python (D:2)
  10 bats
  7 giant cockroaches
  7 goblins
  9 hobgoblins
  12 jackals
  16 kobolds
  3 quokkas
  8 frilled lizards
  A jackal zombie (D:7)
  A quokka skeleton (D:8)
  A quokka zombie (D:5)
  6 rats
  A bush (D:4)
  3 plants
563 creatures vanquished.

Vanquished Creatures (collateral kills)
  Gastronok (Lair:1)
  A frost giant (IceCv)
  Azrael (Elf:1)
  The ghost of Vinniefish the Cleaver, a journeyman MiBe of Trog (D:10)
  The ghost of Jawnes the Carver, a journeyman MiMo (D:11)
  Harold (Lair:1)
  4 hydras
  3 two-headed ogres
  2 dancing weapons (Elf:1)
  6 death yaks
  A deep elf knight (Elf:1)
  An orc high priest (Orc:2)
  5 deep elf magi (Elf:1)
  An ugly thing (Volcano)
  A manticore (Lair:3)
  A cyclops (D:10)
  A moth of wrath (D:10)
  An ice statue (IceCv)
  2 black mambas (Lair:2)
  A torpor snail (Lair:3)
  A molten gargoyle (Volcano)
  2 spiny frogs
  2 komodo dragons
  A red devil (Volcano)
  4 trolls
  10 polar bears
  12 blink frogs
  A hornet (Lair:6)
  9 dream sheep
  21 yaks
  A wyvern (Lair:4)
  6 spriggans (Lair:6)
  A human (D:11)
  A fire elemental (Elf:1)
  2 nagas (Lair:2)
  3 water moccasins
  2 hell hounds (Elf:1)
  A porcupine (Lair:1)
  5 orc warriors
  A black bear (Lair:6)
  An ice beast (D:5)
  An ogre (D:4)
  8 wolves
  A big kobold (D:11)
  A centaur (D:11)
  3 crocodiles
  5 bullfrogs
  An earth elemental (Elf:1)
  3 wights (D:10)
  An electric eel (Lair:4)
  5 lava snakes
  A hound (D:11)
  3 orc priests
  6 orc wizards
  2 adders
  A leopard gecko (D:7)
  23 orcs
  A giant cockroach (D:5)
  A goblin (D:2)
  6 kobolds (D:11)
  3 plants (Lair:4)
199 creatures vanquished.

Vanquished Creatures (others)
  2 yaks (D:9)
  18 fungi
  15 plants
35 creatures vanquished.

Grand Total: 797 creatures vanquished

Notes
Turn   | Place    | Note
-------+----------+-------------------------------------------
     0 | D:1      | DJSashaDrone the Demonspawn Monk began the quest for the
                  | Orb.
     0 | D:1      | Reached XP level 1. HP: 18/18 MP: 1/1
   135 | D:1      | Gained mutation: A weak demonic guardian rushes to your
                  | aid. [demonic ancestry]
   135 | D:1      | Reached XP level 2. HP: 12/24 MP: 2/2
   937 | D:2      | Noticed Robin
  1042 | D:2      | Reached XP level 3. HP: 28/29 MP: 3/3
  1161 | D:2      | Found an opulent altar of Gozag.
  2409 | D:3      | Reached skill level 1 in Armour
  2409 | D:3      | Gained mutation: You are partially covered in large bone
                  | plates. (SH +4) [demonic ancestry]
  2409 | D:3      | Reached XP level 4. HP: 22/35 MP: 4/4
  2438 | D:3      | Found a runed translucent gate.
  2438 | D:3      | Found a runed translucent gate.
  2438 | D:3      | Identified the +11 hand axe of the Median {venom, MR+}
  2439 | D:3      | Found a runed translucent gate.
  2439 | D:3      | Found a roughly hewn altar of Beogh.
  2441 | D:3      | Noticed Bronimir's ghost (amateur OgFE)
  3086 | D:3      | Reached XP level 5. HP: 36/41 MP: 5/5
  3220 | D:2      | Killed Robin
  3786 | D:4      | Noticed an ogre
  3796 | D:4      | Killed an ogre
  3796 | D:4      | Gained mutation: You are mostly covered in large bone
                  | plates. (SH +6) [demonic ancestry]
  3796 | D:4      | Reached XP level 6. HP: 43/48 MP: 6/6
  3803 | D:4      | Found a glowing silver altar of Zin.
  3804 | D:4      | Found a white marble altar of Elyvilon.
  3806 | D:4      | Found a glowing golden altar of the Shining One.
  3806 | D:4      | Found a radiant altar of Vehumet.
  3806 | D:4      | Found an ancient bone altar of Kikubaaqudgha.
  3808 | D:4      | Found a snail-covered altar of Cheibriados.
  3898 | D:4      | Found Riotrieq's Antique Weapon Shoppe.
  3901 | D:4      | Bought a glowing trident for 162 gold pieces
  4663 | D:5      | Entered Level 5 of the Dungeon
  4673 | D:5      | Noticed an ice beast
  4694 | D:5      | Killed an ice beast
  4694 | D:5      | Gained mutation: You have sharp toenails. [demonic
                  | ancestry]
  4694 | D:5      | Reached XP level 7. HP: 37/53 MP: 4/7
  4818 | D:5      | Reached skill level 5 in Polearms
  5032 | D:5      | Found a staircase to the Ecumenical Temple.
  5140 | Temple   | Entered the Ecumenical Temple
  5199 | Temple   | Became a worshipper of Makhleb the Destroyer
  5199 | Temple   | Reached * piety under Makhleb
  5199 | Temple   | Reached ** piety under Makhleb
  5935 | D:6      | Reached skill level 1 in Invocations
  5947 | D:6      | Reached skill level 1 in Evocations
  6011 | D:6      | Found a shattered altar of Ashenzari.
  6080 | D:6      | Reached XP level 8. HP: 47/60 MP: 7/9
  6315 | D:6      | Reached skill level 2 in Invocations
  6366 | D:6      | Found a blossoming altar of Fedhas.
  6408 | D:6      | Reached *** piety under Makhleb
  6929 | D:7      | Reached skill level 3 in Invocations
  7741 | D:8      | You fall into a shaft and drop 1 floor!
  7929 | D:9      | Reached XP level 9. HP: 62/66 MP: 9/11
  7956 | D:9      | Reached skill level 4 in Invocations
  8088 | D:9      | Reached skill level 5 in Fighting
  8207 | D:9      | Reached skill level 5 in Armour
  8213 | D:9      | Reached skill level 5 in Invocations
  8243 | D:9      | Reached **** piety under Makhleb
  8641 | D:8      | Noticed a two-headed ogre
  8683 | D:8      | Killed a two-headed ogre
  8683 | D:8      | Reached skill level 6 in Invocations
  8683 | D:8      | Gained mutation: A demonic guardian rushes to your aid.
                  | [demonic ancestry]
  8683 | D:8      | Reached XP level 10. HP: 74/74 MP: 14/14
  9025 | D:8      | Reached skill level 5 in Dodging
  9738 | D:10     | Entered Level 10 of the Dungeon
  9768 | D:10     | Found a transporter.
  9786 | D:10     | Noticed a two-headed ogre
  9789 | D:10     | Found a transporter.
  9789 | D:10     | Noticed a moth of wrath
  9790 | D:10     | Noticed Vinniefish's ghost (journeyman MiBe)
  9795 | D:10     | Killed a two-headed ogre
  9797 | D:10     | Identified the +4 dire flail "Jellybane" {antimagic, rN+
                  | Str+6 Int-5 Dex+2}
  9797 | D:10     | Noticed a two-headed ogre
  9821 | D:10     | Found a staircase to the Orcish Mines.
 10513 | D:10     | Noticed a cyclops
 10516 | D:10     | Found a bloodstained altar of Trog.
 11432 | D:11     | Reached skill level 7 in Invocations
 11452 | D:11     | Reached skill level 5 in Stealth
 11529 | D:11     | Reached ***** piety under Makhleb
 11619 | D:11     | Reached XP level 11. HP: 72/83 MP: 10/16
 11707 | D:11     | Reached skill level 8 in Invocations
 11812 | D:11     | Found a staircase to the Lair.
 11829 | D:11     | Noticed a skeletal warrior
 11829 | D:11     | Noticed a skeletal warrior
 12004 | D:11     | Noticed a two-headed ogre
 12015 | D:11     | Killed a two-headed ogre
 12150 | D:11     | Noticed a two-headed ogre
 12164 | D:11     | Killed a two-headed ogre
 12196 | D:11     | Noticed Jawnes's ghost (journeyman MiMo)
 12201 | D:11     | Noticed a minotaur
 12218 | D:11     | Found a runed translucent gate.
 12218 | D:11     | Found a runed translucent gate.
 12218 | D:11     | Found a runed translucent gate.
 12229 | D:11     | Noticed a skeletal warrior
 12678 | Lair:1   | Entered Level 1 of the Lair of Beasts
 12718 | Lair:1   | Found a frozen archway.
 12736 | IceCv    | Entered an ice cave
 12852 | IceCv    | Reached skill level 9 in Invocations
 13620 | IceCv    | Noticed a frost giant
 13654 | IceCv    | Identified a scroll of acquirement
 13861 | IceCv    | Killed a frost giant
 13861 | IceCv    | Reached XP level 12. HP: 59/93 MP: 11/19
 14479 | Lair:1   | Reached skill level 10 in Invocations
 14658 | Lair:1   | Noticed Gastronok
 14659 | Lair:1   | Noticed Harold
 14663 | Lair:1   | Reached skill level 5 in Evocations
 14665 | Lair:1   | Killed Gastronok
 14668 | Lair:1   | Killed Harold
 14668 | Lair:1   | Reached skill level 10 in Polearms
 14669 | Lair:1   | Found a runed translucent gate.
 14670 | Lair:1   | Found a runed translucent gate.
 14694 | Lair:1   | Found a runed translucent gate.
 14695 | Lair:1   | Noticed 420StarChild's ghost (journeyman GrFi)
 15549 | Lair:2   | Got a warped broad axe
 15556 | Lair:2   | Identified the +6 broad axe of Departure {chop, Stlth+}
                  | (You found it on level 2 of the Lair of Beasts)
 15713 | Lair:2   | Found a staircase to the Snake Pit.
 16175 | Lair:3   | Reached skill level 1 in Spellcasting
 16175 | Lair:3   | Reached skill level 11 in Invocations
 16183 | Lair:3   | Found a dark tunnel.
 16217 | Volcano  | Entered a volcano
 16408 | Volcano  | Reached skill level 1 in Throwing
 16476 | Volcano  | Found a radiant altar of Vehumet.
 16661 | Volcano  | Reached XP level 13. HP: 87/101 MP: 16/21
 17124 | Lair:3   | Found a staircase to the Shoals.
 18087 | Lair:4   | Found a runed translucent door.
 18087 | Lair:4   | Noticed Morgon's ghost (journeyman MiGl)
 18103 | Lair:4   | Reached ****** piety under Makhleb
 18120 | Lair:4   | Learned a level 1 spell: Animate Skeleton
 18123 | Lair:4   | Learned a level 2 spell: Blink
 18125 | Lair:4   | Learned a level 1 spell: Pain
 18128 | Lair:4   | Learned a level 2 spell: Call Imp
 18669 | Lair:5   | Found a staircase to the Slime Pits.
 18726 | Lair:5   | Found a gate leading to a gauntlet.
 18790 | Gauntlet | Entered a Gauntlet
 18790 | Gauntlet | Found a transporter.
 18801 | Gauntlet | Found a transporter.
 18819 | Gauntlet | Found a transporter.
 18826 | Gauntlet | Found a transporter.
 18841 | Gauntlet | Found a transporter.
 18861 | Gauntlet | Found a transporter.
 18861 | Gauntlet | Noticed a dire elephant
 18873 | Gauntlet | Found a transporter.
 18885 | Gauntlet | Found a transporter.
 18893 | Gauntlet | Found a large runed translucent door.
 18894 | Gauntlet | Found a large runed translucent door.
 18895 | Gauntlet | Found a large runed translucent door.
 18895 | Gauntlet | Found a large runed translucent door.
 18896 | Gauntlet | Found a runed translucent gate.
 18897 | Gauntlet | Found a transporter.
 18897 | Gauntlet | Found a runed translucent gate.
 18898 | Gauntlet | Found a runed translucent gate.
 18899 | Gauntlet | Found a large runed translucent door.
 18899 | Gauntlet | Found a large runed translucent door.
 18899 | Gauntlet | Noticed a death ooze
 18900 | Gauntlet | Found a large runed translucent door.
 18901 | Gauntlet | Found a large runed translucent door.
 18909 | Gauntlet | Found a transporter.
 18970 | Gauntlet | Found a transporter.
 18970 | Gauntlet | Found a transporter.
 18974 | Gauntlet | Found a transporter.
 19119 | Lair:5   | Got a faintly glowing amber ring
 19121 | Lair:5   | Identified the ring of Latiwaets {rPois Int+4} (You found
                  | it on level 5 of the Lair of Beasts)
 19130 | Lair:5   | Reached skill level 1 in Axes
 19133 | Lair:5   | Reached skill level 1 in Necromancy
 19629 | Lair:6   | Entered Level 6 of the Lair of Beasts
 19661 | Lair:6   | Reached skill level 10 in Fighting
 19661 | Lair:6   | Reached skill level 12 in Invocations
 19706 | Lair:6   | Learned a level 1 spell: Apportation
 20106 | Lair:6   | Found a transporter.
 20107 | Lair:6   | Found a transporter.
 20107 | Lair:6   | Noticed Xomnel's ghost (journeyman TeFi)
 20244 | Lair:6   | Reached skill level 1 in Translocations
 20451 | Lair:6   | Got a bloodstained war axe
 20453 | Lair:6   | Identified the +7 war axe of Disorder {flame, rN+ Stlth+}
                  | (You found it on level 6 of the Lair of Beasts)
 20496 | Lair:6   | Gained mutation: You sometimes gain a little power by
                  | taking damage. [demonic ancestry]
 20496 | Lair:6   | Reached XP level 14. HP: 110/110 MP: 23/23
 21293 | Lair:4   | Killed Morgon's ghost
 21622 | D:11     | Killed Jawnes's ghost
 21622 | D:11     | Reached skill level 10 in Armour
 21989 | D:3      | Killed Bronimir's ghost
 22021 | D:3      | Learned a level 3 spell: Regeneration
 22025 | D:3      | Learned a level 3 spell: Vampiric Draining
 22277 | D:10     | Killed Vinniefish's ghost
 22399 | D:10     | Identified the Almanac of the Oath
 22944 | Lair:1   | Killed 420StarChild's ghost
 23253 | Orc:1    | Entered Level 1 of the Orcish Mines
 23438 | Orc:2    | Entered Level 2 of the Orcish Mines
 23509 | Orc:2    | Found a roughly hewn altar of Beogh.
 23515 | Orc:2    | Noticed Snorg
 23692 | Orc:1    | Noticed Erica
 23694 | Orc:1    | Killed Erica
 23775 | Orc:2    | Killed Snorg
 23997 | Orc:2    | Noticed Saint Roka
 24236 | Orc:2    | Found a roughly hewn altar of Beogh.
 24445 | Orc:2    | Killed Saint Roka
 24530 | Orc:2    | Found a roughly hewn altar of Beogh.
 24531 | Orc:2    | Found Hatew's Jewellery Boutique.
 24677 | Orc:2    | Found a roughly hewn altar of Beogh.
 24720 | Orc:2    | Found Puiziseg's Antique Armour Boutique.
 24720 | Orc:2    | Found a roughly hewn altar of Beogh.
 24820 | Orc:2    | Found a staircase to the Elven Halls.
 24823 | Orc:2    | Found a roughly hewn altar of Beogh.
 24953 | Orc:2    | Found Aryh's Antique Weapon Shop.
 24962 | Orc:2    | Bought a pair of embroidered gloves for 255 gold pieces
 25022 | Orc:2    | Found a roughly hewn altar of Beogh.
 25050 | Orc:2    | Found Odutoejo's Antique Armour Shop.
 25203 | Orc:2    | Bought a pitted scale mail for 189 gold pieces
 25213 | Orc:2    | Identified the +0 scale mail "Ludock" {rPois MP+9 Str-5}
                  | (You bought it in a shop on level 2 of the Orcish Mines)
 25230 | Orc:2    | Bought a pair of embroidered gloves for 157 gold pieces
 25312 | Orc:1    | Reached skill level 13 in Invocations
 25495 | Elf:1    | Entered Level 1 of the Elven Halls
 25548 | Elf:1    | Found a radiant altar of Vehumet.
 25812 | Elf:1    | Found Hikhu's Food Boutique.
 26237 | Elf:1    | Noticed Azrael
 26257 | Elf:1    | Killed Azrael
 27002 | Elf:1    | Reached XP level 15. HP: 108/117 MP: 21/24
 27053 | Elf:1    | Reached skill level 5 in Axes
 27298 | Elf:2    | Found a huge runed translucent gate.
 27298 | Elf:2    | Found a huge runed translucent gate.
 27298 | Elf:2    | Found a huge runed translucent gate.
 27298 | Elf:2    | Found a huge runed translucent gate.
 27298 | Elf:2    | Found a huge runed translucent gate.
 27314 | Elf:2    | HP: 3/118 [+3 morningstar of freezing (19)]
 27314 | Elf:2    | Slain by a +3 morningstar of freezing

Levels and vault maps discovered:
D:1:      shiori_shiawase, layout_basic
D:2:      layout_basic, nicolae_gozag_seed_capital, uniq_robin
D:3:      layout_basic, biasface_ghost_orc_armoury
D:4:      layout_loops_ring, grunt_temple_overflow_open, serial_shops,
          kennysheep_mini_moat, serial_forest, infiniplex_forest_lined_room_,
          infiniplex_forest_lined_room_, infiniplex_forest_clump_long,
          infiniplex_forest_clump_curved, infiniplex_forest_straight_3,
          infiniplex_forest_end_2, infiniplex_forest_clump_small,
          infiniplex_forest_straight_1
D:5:      layout_loops_ring, minmay_temple_entry_crystal_x, first_ration,
          lightli_minifort
D:6:      corexii_shack_village, layout_loops_ring, kennysheep_little_box,
          overflow_temple_1_default, minmay_lizard_king
D:7:      layout_gridville
D:8:      layout_loops_ring
D:9:      lemuel_flame_loot_2, layout_loops_corners
D:10:     layout_gridville, david_orc_3, gammafunk_ghost_wrathful_warriors
D:11:     nicolae_whirlpool, layout_cave_pools, due_lair_maze_entry_diamond,
          maelrawn_ghost_gauntlet_escape, grunt_livestock, grunt_ministairs_11,
          dk_noncrumbling_2
D:12:     evilmike_diamond_2, layout_basic
Temple:   dpeg_chambers_temple
Lair:1:   layout_cave_pods, ebering_ghost_rock_garden,
          portal_ice_cave_entry_pillars_2, disabler_island, uniq_gastronok,
          uniq_harold
Lair:2:   layout_small_grid, minmay_snake_entry_guardpost_medium
Lair:3:   layout_roguey, minmay_shoals_entry_beasts, enter_volcano_3,
          infiniplex_staircase_pool
Lair:4:   layout_cave_pods, hellmonk_ghost_happy_afterlife, serial_bayou_shore_a
Lair:5:   layout_misc_corridors, slime_dummy, gauntlet_entry_generic
Lair:6:   minmay_lair_end_enchanted_forest, layout_regular_city,
          gammafunk_ghost_arena, st_stairs_13, lemuel_fruit_tree
Orc:1:    layout_diamond_mine, uniq_erica
Orc:2:    grunt_orc_community_town_hall, layout_caves,
          grunt_orc_community_big_house_2, grunt_orc_community_big_house_1,
          grunt_orc_community_house_2, grunt_orc_community_house_3,
          grunt_orc_community_house_2, grunt_orc_community_house_2,
          grunt_orc_community_house_3, basic_altar, uniq_snorg
Elf:1:    eino_elf_arrival_altar, layout_loops_corners, serial_shops,
          nicolae_shop_stone, evilmike_minifort, uniq_azrael
Elf:2:    layout_geoelf_grid, basic_altar

Skill      XL: |  1  2  3  4  5  6  7  8  9 10 11 12 13 14 15 |
---------------+----------------------------------------------+-----
Polearms       | 3 4 5 7 8 9 10 11 | 11.3
Dodging        | 3 4 5 6 7 8 |  8.1
Stealth        | 2 3 4 5 6 7 8 |  8.2
Armour         | 1 2 3 4 5 6 7 8 9 10 | 10.5
Fighting       | 4 5 6 8 9 10 11 | 11.0
Invocations    | 1 3 6 7 9 11 12 13 | 13.4
Evocations     | 1 2 3 4 5 6 7 |  7.7
Spellcasting   | 1 2 3 |  3.7
Throwing       | 1 2 |  2.5
Axes           | 2 4 5 |  5.1
Necromancy     | 2 3 4 |  4.1
Translocations | 1 2 |  2.1

Action                   |  1- 3 |  4- 6 |  7- 9 | 10-12 | 13-15 || total
-------------------------+-------+-------+-------+-------+-------++-------
Melee: Spear             |   189 |   211 |    42 |    87 |   366 ||   895
       Trident           |       |    95 |   450 |   636 |   371 ||  1552
       Kick              |       |       |   120 |   285 |   378 ||   783
       Glaive            |       |       |       |   207 |   369 ||   576
       Broad axe         |       |       |       |     3 |       ||     3
       Battleaxe         |       |       |       |       |    37 ||    37
       Halberd           |       |       |       |       |   145 ||   145
       War axe           |       |       |       |       |    21 ||    21
Throw: Throwing net      |       |       |       |       |     8 ||     8
 Cast: Animate Skeleton  |       |       |       |       |     2 ||     2
Invok: Minor Destruction |       |       |       |     1 |    11 ||    12
       Lesser Servant of |       |       |       |     7 |     7 ||    14
       Major Destruction |       |       |       |     1 |     2 ||     3
       Greater Servant o |       |       |       |     1 |     2 ||     3
Evoke: Wand              |       |       |       |     8 |     8 ||    16
       Phantom mirror    |       |       |       |     1 |       ||     1
       Box of beasts     |       |       |       |       |     1 ||     1
  Use: Scroll            |     6 |     3 |     2 |    23 |    12 ||    46
       Potion            |     2 |     1 |     1 |    13 |     8 ||    25
 Stab: Sleeping          |    11 |     6 |     5 |    12 |    18 ||    52
       Distracted        |       |     1 |     1 |     7 |    15 ||    24
       Invisible         |       |       |     4 |       |       ||     4
       Paralysed         |       |       |       |    11 |     7 ||    18
       Held in net/web   |       |       |       |       |     1 ||     1
  Eat: Chunk             |     4 |     7 |    14 |    25 |    25 ||    75
       Ration            |       |       |       |     1 |     3 ||     4
Armor: Robe              |    35 |    25 |    16 |       |       ||    76
       Scale mail        |       |       |    78 |    86 |       ||   164
       Troll leather arm |       |       |       |   111 |   225 ||   336
Dodge: Dodged            |   164 |    87 |   171 |   554 |   868 ||  1844
Block: Other             |       |    23 |    99 |   216 |   315 ||   653
